 Dungeon Crawl Stone Soup version 0.31-a0-1300-gb6740aa4e6 (webtiles) character file.

Game seed: 16003940502841961237

10420 mdonais the Fighter (level 11, -13/85 HPs)
             Began as an Octopode Hunter on Dec 19, 2023.
             Was an Elder of Okawaru.
             Mangled by Snorg (14 damage)
             ... on level 10 of the Dungeon.
             The game lasted 00:42:41 (9946 turns).

mdonais the Fighter (Octopode Hunter)               Turns: 9946, Time: 00:42:42

Health: -13/85     AC:  8    Str: 10      XL:     11   Next: 61%
Magic:  12/13      EV: 26    Int: 13      God:    Okawaru [****..]
Gold:   424        SH:  0    Dex: 18 (19) Spells: 10/10 levels left

rFire   . . .        C - +2 dagger (protect)
rCold   . . .        (no shield)
rNeg    . . .        (helmet restricted)
rPois   .            r - amulet of regeneration
rElec   .            D - +5 ring of evasion
rCorr   .            (no ring)
SInv    .            (no ring)
Will    .....        (no ring)
Stlth   ++++++       (no ring)
HPRegen 1.14/turn    (no ring)
MPRegen 0.13/turn    (no ring)
                     (no ring)

%: no passive effects
@: about to teleport, heroic, under a protective aura
A: almost no armour, amphibious, 8 rings, camouflage 1, gelatinous body 1,
(nimble swimmer 1), tentacles
a: Renounce Religion, Heroism, Finesse


You were on level 10 of the Dungeon.
You worshipped Okawaru.
Okawaru was greatly pleased with you.
You visited 2 branches of the dungeon, and saw 11 of its levels.
You also visited: Ossuary.

You collected 523 gold pieces.
You spent 99 gold pieces at shops.

Inventory:

Hand Weapons
 a - a +2 orcbow of flaming
   (You took it off a centaur on level 8 of the Dungeon)
 b - a +5 falchion
   (You took it off a wight on level 6 of the Dungeon)
 j - a +1 dagger of speed
   (You took it off a kobold brigand on level 10 of the Dungeon)
 s - a +1 dagger of venom
   (You found it on level 2 of the Dungeon)
 A - a +5 trident of freezing
   (You took it off a wight on level 6 of the Dungeon)
 C - a +2 dagger of protection (weapon)
   (You took it off a kobold on level 3 of the Dungeon)
 O - a +3 dagger of pain
   (You took it off a kobold on level 8 of the Dungeon)
Missiles
 c - 49 poisoned darts
 t - 8 boomerangs
 v - 6 javelins
 F - 2 curare-tipped darts
 J - 9 atropa-tipped darts (quivered)
 Z - 2 throwing nets {=!f}
Armour
 K - an orb of energy
   (You took it off Jeremiah on level 7 of the Dungeon)
Jewellery
 r - an amulet of regeneration (around mantle)
   (You found it on level 3 of the Dungeon)
 D - a +5 ring of evasion (left tentacle)
   (You found it on level 7 of the Dungeon)
Talismans
 i - a beast talisman
   (You found it on level 1 of the Dungeon)
Wands
 I - a wand of iceblast (10)
   (You found it on level 6 of the Dungeon)
 V - a wand of flame (64)
   (You took it off Ijyb on level 3 of the Dungeon)
Scrolls
 e - a scroll of vulnerability
 g - 3 scrolls of noise
 h - a scroll of butterflies
 p - a scroll of revelation
 x - 2 scrolls of fog
 G - a scroll of silence
 P - 5 scrolls of amnesia
 R - a scroll of identify
 T - 6 scrolls of teleportation
Potions
 f - 2 potions of attraction
 m - a potion of might
 o - 2 potions of magic
 u - 3 potions of resistance
 w - 3 potions of cancellation {unknown}
 E - 3 potions of brilliance
 H - a potion of haste
 M - a potion of berserk rage
 Q - 5 potions of curing


   Skills:
 + Level 12.0(17.0) Fighting
 * Level 11.0(16.0) Ranged Weapons
 - Level 7.0(12.0) Dodging
 - Level 7.0(12.0) Stealth
 - Level 3.0 Invocations
 - Level 2.0 Evocations


You had 10 spell levels left.
You didn't know any spells.
Your spell library was empty.

Dungeon Overview and Level Annotations

Branches:
Dungeon (10/15) Zot: 26532  Temple (1/1) D:7 Zot: 5998    Lair (0/5) D:10
    Orc (0/2) D:9         Ossuary (visited)

Altars:
Ashenzari
Cheibriados
Dithmenos
Elyvilon
Fedhas
Gozag
Hepliaklqana
Kikubaaqudgha
Makhleb
Nemelex Xobeh
Okawaru
Qazlal
Ru
Sif Muna
Trog
Uskayaw
Vehumet
Wu Jian
Xom
Yredelemnul
Zin
The Shining One

Shops:
D:5 ?

Annotations:
D:10 Snorg


Innate Abilities, Weirdness & Mutations

You cannot wear most types of armour.
You are amphibious.
You can wear up to eight rings at the same time.
Your skin changes colour to match your surroundings (Stealth+).
Your rubbery body absorbs attacks. (AC +1, EV +1)
((You are camouflaged when in or above water. (Stealth+)))
You have tentacles for arms and can constrict up to eight enemies at once.


Message History

Health restored: 85 You shoot an arrow.
The wyvern hisses angrily.
The arrow hits the wyvern!
The arrow burns the wyvern.
The wyvern is heavily wounded.
You shoot an arrow. The arrow hits the wyvern!
The arrow burns the wyvern.
You kill the wyvern!
Okawaru accepts your kill.
You can now speed up your combat.
You feel your strength returning.
No target in view!
A wyvern comes into view.
You shoot an arrow. The wyvern hisses angrily.
The arrow hits the wyvern.
The arrow burns the wyvern.
The wyvern is moderately wounded.
You shoot an arrow.
The arrow hits the wyvern but does no damage.
The wyvern is moderately wounded.
You shoot an arrow. The arrow barely misses the wyvern.
You shoot an arrow. The arrow hits the wyvern!
The arrow burns the wyvern.
The wyvern is severely wounded.
You shoot an arrow. The arrow hits the wyvern!
The arrow burns the wyvern.
You kill the wyvern!
Okawaru accepts your kill.
No target in view!
An iguana comes into view.
The iguana hisses angrily.
You shoot an arrow. The arrow hits the iguana!
The arrow burns the iguana.
You kill the iguana!
Okawaru accepts your kill.
No target in view!
No target in view!
Found a staircase to the Lair.
A two-headed ogre comes into view. It is wielding two +0 dire flails.
You shoot an arrow. The arrow hits the two-headed ogre!
The arrow burns the two-headed ogre.
The two-headed ogre shouts in stereo!
The two-headed ogre is moderately wounded.
You hear a shout!
A wyvern comes into view.
You shoot an arrow. The wyvern hisses angrily.
The arrow hits the two-headed ogre!
The arrow burns the two-headed ogre!
The two-headed ogre is severely wounded.
You shoot an arrow. The arrow hits the two-headed ogre.
The arrow burns the two-headed ogre.
The two-headed ogre is severely wounded.
You shoot an arrow. The arrow hits the two-headed ogre.
The arrow burns the two-headed ogre.
The two-headed ogre is almost dead.
You shoot an arrow. The arrow hits the two-headed ogre!
The arrow burns the two-headed ogre.
You kill the two-headed ogre!
Okawaru is honoured by your kill.
Your Fighting skill increases to level 12!
You shoot an arrow. The arrow hits the wyvern!
The arrow burns the wyvern.
The wyvern is heavily wounded.
You shoot an arrow. The arrow hits the wyvern.
The arrow burns the wyvern.
The wyvern is severely wounded.
The wyvern misses you.
A wolf comes into view.
You shoot an arrow. The arrow closely misses the wyvern.
The wolf howls!
The wyvern barely misses you. The wyvern completely misses you.
You shoot an arrow.
The arrow hits the wyvern but does no damage.
The wyvern is severely wounded.
The wyvern completely misses you. The wyvern misses you.
Fire: a) +2 orcbow (flame)
Press: ? - help, Q - select action, (/) - cycle Shift-Dir - straight line, f/p - wyvern
Aim: a wyvern (severely wounded, 69% to hit)
You shoot an arrow. The arrow hits the wyvern.
The arrow burns the wyvern.
The wyvern is severely wounded.
The wyvern bites you!! The wolf completely misses you. The wyvern bites you!!
You take 37 damage, and have 48/85 hp.
MASSIVE DAMAGE!!
Fire: a) +2 orcbow (flame)
Press: ? - help, Q - select action, (/) - cycle Shift-Dir - straight line, f/p - wyvern
Aim: a wyvern (severely wounded, 69% to hit)
You shoot an arrow.
The arrow hits the wyvern but does no damage.
The wyvern is severely wounded.
The wolf misses you. The wolf barely misses you. The wyvern bites you.
You take 4 damage, and have 44/85 hp.
You gain the combat prowess of a mighty hero.
The wolf misses you. The wyvern completely misses you.
The wolf barely misses you. The wyvern completely misses you.
You now have 11/13 mp.
The air fills with toxic fumes!
As you read the scroll of poison, it crumbles to dust.
The wolf misses you. The wyvern completely misses you.
The wolf barely misses you.
Your +2 orcbow of flaming stops flaming.
Your +2 dagger of protection hums with potential!
C - a +2 dagger of protection (weapon)
The wyvern bites you!
You take 15 damage, and have 31/85 hp.
You hit the wyvern but do no damage.
Your weapon exudes an aura of protection.
The wyvern is severely wounded.
The wolf completely misses you. The wyvern misses you.
Snorg is engulfed in poison gas.
Snorg is poisoned.
You hit Snorg. You squeeze Snorg.
Snorg is lightly wounded.
The wyvern barely misses you.
The wolf is engulfed in poison gas.
The wolf is poisoned.
You hit the wyvern.
The wyvern is almost dead.
The wyvern completely misses you.
The wolf is engulfed in poison gas.
The wolf looks even sicker.
You hit the wyvern but do no damage. You squeeze the wyvern.
You kill the wyvern!
Okawaru accepts your kill.
The wolf is engulfed in poison gas.
The wolf looks even sicker.
Snorg bites you. Snorg completely misses you. x2
You feel your strength returning.
Your base Ranged Weapons skill increases to level 11!
You take 1 damage, and have 32/85 hp.
You hit Snorg. You squeeze Snorg.
Snorg is moderately wounded.
The wolf misses you.
Snorg goes berserk!
You hit the wolf but do no damage. Your grab misses the wolf.
The wolf is heavily wounded.
The wolf completely misses you. Snorg closely misses you. Snorg misses you.
Snorg claws you but does no damage. The wolf completely misses you.
As you read the scroll of teleportation, it crumbles to dust.
You feel strangely unstable. The wolf misses you. Snorg bites you!
* * * LOW HITPOINT WARNING * * *
Snorg claws you.
* * * LOW HITPOINT WARNING * * *
Snorg claws you but does no damage.
You take 15 damage, and have 18/85 hp.
You hit the wolf. You grab the wolf.
Your tentacle-slap misses the wolf.
The wolf is severely wounded.
You constrict the wolf. The wolf misses you. Snorg completely misses you.
Snorg claws you but does no damage. Snorg misses you.
The wolf barely misses you.
You hit Snorg.
Snorg is moderately wounded.
You constrict the wolf, but do no damage.
Snorg closely misses you. x2; Snorg barely misses you.
The wolf completely misses you.
You barely miss the wolf.
The wolf is severely wounded.
You constrict the wolf. Snorg bites you!
* * * LOW HITPOINT WARNING * * *
Snorg claws you.
* * * LOW HITPOINT WARNING * * *
Snorg claws you!
You die...

P.....♣.######
###.....
☼○○☼○○P.§○...#
#.......
○☼§§P§§.☼....#
########
§☼§P§§☼.P#####
§§P○§☼☼♣§☼○..#
§§§P☼☼○☼♣○...#
§§P§§§§P§.####
°§§○P○§§###
......♣@#
§○§☼P○Th#
○§§§§°§○#
○§°○§§§.§......
#######§☼......
#☼○###### #☼○#
#○§§ ....


You could see Snorg (berserk, poisoned) and a wolf (very poisoned).

Vanquished Creatures
  2 two-headed ogres
  Pikel (D:6)
  A manticore (D:9)
  Jeremiah (D:7)
  2 trolls
  Prince Ribbit (D:8)
  A shadow (D:10)
  6 wyverns
  8 yaks
  Menkaure (D:7)
  5 water moccasins
  A black bear (D:10)
  2 sky beasts
  4 orc warriors (D:9)
  5 ogres
  An ice beast (D:6)
  A centaur (D:8)
  A phantom (D:5)
  Blork the orc (D:6)
  An elf zombie (Ossuary)
  6 kobold brigands
  3 bullfrogs
  2 scorpions (D:5)
  A gnoll sergeant (D:8)
  5 wights (D:6)
  17 killer bees
  2 human zombies (Ossuary)
  6 hounds
  3 jellies
  4 orc priests
  A bullfrog skeleton (D:8)
  3 gnoll boudas
  A sleepcap (D:6)
  Crazy Yiuf (D:3)
  3 scorpion zombies (D:8)
  Ijyb (D:3)
  Terence (D:3)
  2 iguanas
  7 orc wizards
  A killer bee zombie (D:8)
  4 mummies (Ossuary)
  4 howler monkey skeletons (D:8)
  4 adders
  22 gnolls
  4 white imps
  2 ufetubi (D:6)
  2 dart slugs (D:4)
  26 orcs
  4 ball pythons
  2 endoplasms
  A giant cockroach (D:1)
  2 gnoll zombies (Ossuary)
  3 goblins
  5 hobgoblins
  4 jackals (D:1)
  3 quokkas
  4 bats
  3 frilled lizards
  A goblin zombie (Ossuary)
  2 jackal zombies (Ossuary)
  29 kobolds
  2 orc zombies (Ossuary)
  4 rats
  2 rat zombies (Ossuary)
255 creatures vanquished.

Notes
Turn   | Place    | Note
-------+----------+-------------------------------------------
     0 | D:1      | mdonais the Octopode Hunter began the quest for the Orb.
     0 | D:1      | Reached XP level 1. HP: 14/14 MP: 1/1
   435 | D:1      | Reached XP level 2. HP: 19/19 MP: 2/2
  1340 | D:2      | Reached XP level 3. HP: 25/25 MP: 3/3
  1606 | D:3      | Found a snail-covered altar of Cheibriados.
  1643 | D:3      | Reached skill level 3 in Fighting
  1660 | D:3      | Reached XP level 4. HP: 31/31 MP: 4/4
  1689 | D:3      | Noticed Ijyb
  1962 | D:3      | Noticed Terence
  1973 | D:3      | Found a runed translucent door.
  1974 | D:3      | Noticed Crazy Yiuf
  2068 | D:3      | Killed Ijyb
  2230 | D:3      | Found a glowing silver altar of Zin.
  2378 | D:4      | Found a radiant altar of Vehumet.
  2527 | D:4      | Reached skill level 4 in Fighting
  2527 | D:4      | Reached XP level 5. HP: 24/37 MP: 5/5
  3006 | D:4      | Reached skill level 5 in Ranged Weapons
  3153 | D:4      | Found a bloodstained altar of Trog.
  3357 | D:5      | Entered Level 5 of the Dungeon
  3360 | D:5      | Noticed an ogre
  3362 | D:5      | Noticed a phantom
  3407 | D:5      | Noticed an ogre
  3423 | D:5      | Killed an ogre
  3424 | D:5      | Reached skill level 5 in Fighting
  3424 | D:5      | Reached XP level 6. HP: 45/45 MP: 6/6
  3455 | D:5      | Found Koyklal's Magic Scroll Shop.
  3466 | D:5      | Bought a scroll of identify for 22 gold pieces
  3469 | D:5      | Bought a scroll of teleportation for 33 gold pieces
  3469 | D:5      | Bought a scroll of poison for 44 gold pieces
  3546 | D:5      | Found a sparkling altar of Nemelex Xobeh.
  3569 | D:5      | Reached XP level 7. HP: 41/51 MP: 7/7
  3591 | D:5      | Reached skill level 6 in Fighting
  4002 | D:6      | Reached XP level 8. HP: 58/58 MP: 8/8
  4115 | D:6      | Reached skill level 7 in Fighting
  4192 | D:6      | Noticed Blork the orc
  4267 | D:6      | Reached skill level 1 in Evocations
  4309 | D:6      | Reached skill level 5 in Stealth
  4399 | D:6      | Noticed Pikel
  4434 | D:6      | Killed Pikel
  4614 | D:6      | Reached skill level 8 in Fighting
  4625 | D:6      | Reached XP level 9. HP: 36/66 MP: 9/9
  5808 | D:7      | Noticed Menkaure
  5814 | D:7      | Killed Menkaure
  5827 | D:7      | Reached skill level 9 in Fighting
  5865 | D:7      | Noticed Jeremiah
  5906 | D:7      | Found a staircase to the Ecumenical Temple.
  5937 | D:8      | Noticed Prince Ribbit
  5937 | D:8      | Noticed a troll
  5937 | D:8      | Found an iron altar of Okawaru.
  5956 | D:7      | Killed a troll
  6039 | D:8      | Found a sand-covered staircase.
  6052 | Ossuary  | Entered an ossuary
  6107 | Ossuary  | Reached skill level 10 in Fighting
  6393 | Temple   | Entered the Ecumenical Temple
  6426 | D:8      | Killed Prince Ribbit
  6438 | D:8      | Became a worshipper of Warmaster Okawaru
  6617 | D:7      | Killed Jeremiah
  6618 | D:7      | Reached XP level 10. HP: 59/77 MP: 10/10
  6680 | D:7      | Reached skill level 5 in Dodging
  6796 | D:7      | Reached * piety under Okawaru
  7240 | D:8      | Reached skill level 1 in Invocations
  7919 | D:9      | Noticed a manticore
  7929 | D:9      | Killed a manticore
  8001 | D:9      | Reached ** piety under Okawaru
  8053 | D:9      | Reached skill level 11 in Fighting
  8063 | D:9      | Noticed a two-headed ogre
  8282 | D:9      | Reached XP level 11. HP: 83/83 MP: 11/13
  8292 | D:9      | Killed a two-headed ogre
  8408 | D:9      | Reached *** piety under Okawaru
  8768 | D:9      | Reached skill level 10 in Ranged Weapons
  8893 | D:9      | Found a staircase to the Orcish Mines.
  9111 | D:3      | Killed Crazy Yiuf
  9177 | D:3      | Killed Terence
  9355 | D:6      | Killed Blork the orc
  9475 | D:10     | Entered Level 10 of the Dungeon
  9505 | D:10     | Noticed Snorg
  9847 | D:10     | Reached **** piety under Okawaru
  9905 | D:10     | Found a staircase to the Lair.
  9920 | D:10     | Noticed a two-headed ogre
  9925 | D:10     | Killed a two-headed ogre
  9926 | D:10     | Reached skill level 12 in Fighting
  9946 | D:10     | HP: 1/85 [Snorg (4)]
  9946 | D:10     | Mangled by Snorg

Illustrated notes

Levels and vault maps discovered:
D:1:      minmay_arrival_jagged, layout_loops_ring, serial_co_window_serial,
          co_window_paths_b, co_window_corner_a, co_window_of_opportunity_a,
          co_window_paths_a, co_window_paths_a, co_window_of_opportunity_c,
          co_window_broadway_b, co_window_unsneaky_path_d, co_window_broadway_a,
          co_window_corner_b, co_window_corner_b, co_window_corner_ca,
          co_window_paths_d
D:2:      layout_rooms
D:3:      layout_basic, overflow_temple_1_default, cheibriados_altar_1,
          uniq_crazy_yiuf_cottage, uniq_terence, uniq_ijyb
D:4:      minmay_evil_eye, layout_loops_corners, nicolae_vehumet_radiance,
          mainiacjoe_overflow_six_doors_small, serial_glass, glass_columns_b,
          glass_columns_a
D:5:      layout_basic, lemuel_tele_altar, serial_shops,
          nicolae_shop_hallway_stairs
D:6:      layout_gridville, serial_park_tiny_1, chequers_serial_rivers_room_b,
          uniq_blork_the_orc, uniq_pikel
D:7:      layout_basic, minmay_temple_entry_from_below_b, uniq_menkaure,
          uniq_jeremiah
D:8:      layout_loops_cross, okawaru_gym_becter,
          mainiacjoe_ossuary_entry_find_the_door, uniq_prince_ribbit1
D:9:      layout_basic, kennysheep_orc_monster_closet_entryway
D:10:     layout_long_grid, minmay_lair_entry_grove, enter_trove_3,
          kennysheep_nondescript, kennysheep_small_square, uniq_psyche,
          uniq_gastronok, uniq_snorg
Temple:   nicolae_temple_slightly_damp_pantheon

Skill      XL: |  1  2  3  4  5  6  7  8  9 10 11 |
---------------+----------------------------------+-----
Stealth        | 2 3 5 6 7 |  7.0
Fighting       | 3 4 5 6 8 10 11 12 | 12.0
Ranged Weapons | 5 6 7 8 9 11 | 11.0
Dodging        | 3 4 6 7 |  7.0
Evocations     | 1 2 |  2.0
Invocations    | 3 |  3.0

Action                     |  1- 3 |  4- 6 |  7- 9 | 10-12 || total
---------------------------+-------+-------+-------+-------++-------
  Melee: Short sword       |     2 |       |       |       ||     2
         Tentacles         |     1 |    19 |    62 |    46 ||   128
         Dagger            |     5 |    66 |   148 |    51 ||   270
         Constrict         |     1 |    12 |    33 |    35 ||    81
         Punch             |       |     1 |     3 |     2 ||     6
         Falchion          |       |       |    47 |    86 ||   133
   Fire: Shortbow          |    64 |    75 |   126 |    27 ||   292
         Orcbow            |       |       |       |   305 ||   305
  Throw: Dart              |       |     3 |     8 |       ||    11
 Invoke: Heroism           |       |       |       |     4 ||     4
  Evoke: Wand              |       |       |     4 |       ||     4
    Use: Scroll            |       |     4 |     9 |     8 ||    21
         Potion            |       |       |     5 |     3 ||     8
   Stab: Sleeping          |     1 |     1 |     5 |     5 ||    12
         Invisible         |       |       |     2 |       ||     2
 Armour: Skin              |     6 |    34 |   115 |   110 ||   265
  Dodge: Dodged            |    16 |    43 |   200 |   316 ||   575

Table legend: (Time is in decaauts)
 A = Elapsed time spent in this place.
 B = Non-inter-level travel time spent in this place.
 C = Inter-level travel time spent in this place.
 D = Time resting spent in this place.
 E = Time spent auto-exploring this place.
 F = Levels seen in this place.
 G = Mean time per level.
                   A        B        C        D        E       F      G
               +--------+--------+--------+--------+--------+-----+--------+
         Total |   9927 |   9006 |    921 |    178 |   6168 |  12 |  827.2 |
       Dungeon |   9666 |   8746 |    920 |    157 |   6040 |  10 |  966.6 |
        Temple |      1 |      0 |      1 |      0 |      0 |   1 |    1.0 |
       Ossuary |    259 |    259 |      0 |     21 |    128 |   1 |  259.0 |
               +--------+--------+--------+--------+--------+-----+--------+

Top non-repeatable levels by time:
     D:6: 1859 daAuts
     D:1: 1237 daAuts
     D:8: 1099 daAuts
     D:9: 1086 daAuts
     D:4: 1070 daAuts
     D:3: 987 daAuts
     D:7: 967 daAuts
     D:5: 585 daAuts
    D:10: 411 daAuts
     D:2: 360 daAuts
 Ossuary: 259 daAuts
  Temple: 1 daAuts
